BUttercup, chaotic male elven Priest .---- G ...|.------------.. ...)..........|..... ..h......---[..<...| -...|.... |%.....- ..---..- ---..--- ---- BUttercup the Adept Experience level: 7 Strength: 10 Dexterity: 11 Constitution: 16 Intelligence: 12 Wisdom: 20 Charisma: 7 Health: 0(52) Energy: 133(143) Def: 6 Gold: 0 Moves: 3713 Dungeon seed: nE8VNI9hARJ6mAQp Game ID: BUttercup_1615508746 Your Inventory: Amulets X - a cursed amulet of change Weapons a - a blessed greased +1 mace (weapon in hand) B - 7 +0 arrows C - a +0 bow (alternate weapon; not wielded) K - 2 blessed +0 arrows (in quiver) Armor e - a +0 robe (being worn) n - a +0 dwarvish iron helm (being worn) r - a +0 pair of iron shoes (being worn) Comestibles c - a clove of garlic d - a sprig of wolfsbane g - a tripe ration Potions W - a potion of paralysis Rings j - a ring of invisibility (on left hand) Wands i - a wand of secret door detection (0:12) L - a wand of speed monster (0:5) V - a wand of make invisible (0:4) Tools k - a bag of holding m - a blindfold w - a skeleton key x - a can of grease (0:5) z - an oil lamp (lit) (0:1263) U - a tallow candle (0:200) Gems q - a flint stone y - a luckstone J - a fluorite stone Contents of the bag of holding: 78 gold pieces a cram ration 3 food rations a lembas wafer 3 scrolls of light a scroll of remove curse a scroll of teleportation a spellbook of healing a spellbook of invisibility a spellbook of remove curse a potion of healing 4 potions of holy water a potion of sleeping a wand of digging (0:6) a wand of digging (0:5) a brass lantern (0:1349) an expensive camera (0:41) a lock pick an oil lamp (0:1236) a +0 pick-axe a skeleton key a stethoscope 5 tallow candles (0:200) 14 wax candles (0:400) a wooden flute 2 emeralds an opal 2 topaz stones 3 worthless pieces of green glass a worthless piece of red glass 2 worthless pieces of violet glass 2 worthless pieces of yellowish brown glass Spells and supernatural/magical abilities: Name Level Category Fail Memory h - healing 1 healing 0% 82% r - remove curse 3 clerical 0% 82% W - pray for help -- divine ? -- X - turn undead -- divine ? -- Your skills at the end: Fighting Skills Weapon Skills mace [Basic] Spellcasting Skills clerical spells [Basic] Final Attributes: You were piously aligned. You were sleep resistant. You were telepathic. You had infravision. You were invisible. You were lucky. You had extra luck. Bad luck did not time out for you. Good luck did not time out for you. You are dead. Vanquished creatures: a large mimic a werewolf a dingo a rock mole a shrieker a violet fungus 8 gnome lords 2 gnomish wizards an elf zombie a floating eye a kitten 9 dwarves a kobold shaman 3 hill orcs a rothe a rabid rat 4 hobbits 9 manes a large kobold a hobgoblin 3 giant rats a brown mold 2 yellow molds 2 green molds 32 gnomes 2 garter snakes a gnome zombie 3 jackals a goblin a grid bug 4 lichens a kobold zombie 7 newts 109 creatures vanquished. Voluntary challenges: You used a wielded weapon 193 times, starting on turn 11. You read items or engraved 2 times, starting on turn 3. You never genocided any monsters. You never polymorphed an object. You never changed form. You used no wishes. You never split a pudding. You never wrote Elbereth's name. You violated your moral code, losing 1 point of alignment, starting on turn 1224. Dungeon overview: The Dungeons of Doom: levels 1 to 3 Level 1 a fountain, a sink a long staircase Level 2 stairs to The Gnomish Mines Level 3 a hardware shop The Gnomish Mines: levels 3 to 7 Level 3 stairs to The Dungeons of Doom Level 4 Level 5 Level 6 many shops, a temple to Brigit, some fountains Level 7 <- You were here History has recorded: On T:1 you entered the Dungeons of Doom to retrieve the Amulet of Yendor! On T:296 you reached level 2 of The Dungeons of Doom. On T:465 you advanced to experience level 2. On T:770 you reached level 3 of The Dungeons of Doom. On T:1046 you advanced to experience level 3. On T:1188 you reached level 1 of The Gnomish Mines. On T:1298 you advanced to experience level 4. On T:1494 you advanced to experience level 5. On T:1737 you reached level 2 of The Gnomish Mines. On T:2272 you advanced to experience level 6. On T:2382 you reached level 3 of The Gnomish Mines. On T:2947 you reached level 4 of The Gnomish Mines. On T:3426 you advanced to experience level 7. On T:3659 you reached level 5 of The Gnomish Mines. Score breakdown: Gold: 78 ( 6455 points) Experience: 7 levels (13645 points) Exploration: 7 levels ( 13.46%) (10289 points) Discoveries: 20 items ( 6.99%) ( 7933 points) Valuables value: (no points given unless you survive) Artifact value: 0 ( 0 points) Variety of kills: 33 monsters ( 8.66%) ( 8829 points) Turncount: 3713 turns ( -914 points) Survival: died (score multiplied by 80%) Total score: 36989 Latest messages: You are beginning to feel hungry. You hit the dwarf king. The dwarf king wields a broad pick! The dwarf king swings his broad pick. The dwarf king hits! You miss the dwarf king. You feel better. The dwarf king swings his broad pick. The dwarf king hits! The dwarf king swings his broad pick. The dwarf king hits! You feel better. You miss the dwarf king. The dwarf king swings his broad pick. The dwarf king hits! The dwarf king swings his broad pick. The dwarf king hits! You die... Final status: Goodbye BUttercup the Priest, killed by a dwarf king... You died in The Gnomish Mines on dungeon level 7 with 36989 points, and 78 pieces of gold, after 3713 moves. You were level 7 with a maximum of 52 hit points when you died.